 Dungeon Crawl Stone Soup version 0.29-a0-541-gaf1fc19f1b (webtiles) character file.

Game seed: 17770013100582750828

421 Sabo the Chopper (level 6, -3/53 HPs)
             Began as a Hill Orc Fighter on June 2, 2022.
             Slain by a gnoll
             ... wielding a +0 halberd
             ... led by a gnoll shaman
              (7 damage)
             ... on level 4 of the Dungeon.
             The game lasted 00:17:49 (4177 turns).

Sabo the Chopper (Hill Orc Fighter)                 Turns: 4177, Time: 00:17:50

Health: -3/53      AC:  8    Str: 19    XL:     6   Next: 94%
Magic:  6/6        EV:  9    Int:  8    God:
Gold:   129        SH:  4    Dex: 10    Spells: 5/5 levels left

rFire   + . .      SeeInvis +   d - +8 hand axe "Sabo's Death" {pain, rPois rF+ Str-2}
rCold   . . .      Faith    .   c - +0 buckler
rNeg    + . .      Spirit   .   b - +0 scale mail
rPois   +          Reflect  .   (no helmet)
rElec   .          Harm     .   v - +0 cloak
rCorr   .          Rampage  .   (no gloves)
Will    .....                   (no boots)
Stlth   ..........              (no amulet)
HPRegen 0.17/turn               r - ring of see invisible
MPRegen 0.10/turn               E - ring of positive energy

@: no status effects
A: no striking features
a: no special abilities


You were on level 4 of the Dungeon.
You visited 1 branch of the dungeon, and saw 4 of its levels.

You collected 129 gold pieces.

Inventory:

Hand Weapons
 a - a +0 war axe
 d - the +8 hand axe "Sabo's Death" (weapon) {pain, rPois rF+ Str-2}
   (You found it on level 2 of the Dungeon)

   In the hands of one skilled in necromantic magic, it inflicts extra damage on
   living creatures.
   Str:       It affects your strength (-2).
   rF:        It protects you from fire.
   rPois:     It protects you from poison.
 u - a +3 quarterstaff of chaos
Missiles
 l - 3 atropa-tipped darts (quivered)
 m - 6 poisoned darts
 q - 3 throwing nets
 F - 4 datura-tipped darts
Armour
 b - a +0 scale mail (worn)
 c - a +0 buckler (worn)
 v - a +0 cloak (worn)
Jewellery
 r - a ring of see invisible (left hand)
 E - a ring of positive energy (right hand)
Wands
 G - a wand of paralysis (13)
Scrolls
 f - 6 scrolls of teleportation
 g - a scroll of identify {unknown}
 j - a scroll of poison
 k - a scroll of torment {unknown}
 o - a scroll of enchant weapon
 y - a scroll of amnesia {unknown}
 z - a scroll of brand weapon {unknown}
 B - a scroll of fear {unknown}
 D - a scroll of fog {unknown}
Potions
 e - a potion of heal wounds {unknown}
 h - 2 potions of lignification {unknown}
 i - 2 potions of curing
 n - 2 potions of attraction {unknown}
 p - a potion of invisibility {unknown}
 s - a potion of brilliance {unknown}
 t - 3 potions of haste {unknown}
 w - 3 potions of mutation {unknown}
 x - a potion of berserk rage {unknown}
 A - a potion of magic {unknown}
 C - a potion of ambrosia {unknown}


   Skills:
 + Level 4.5 Fighting
 + Level 6.5 Axes
 + Level 5.2 Armour
 + Level 0.5 Dodging
 + Level 0.6 Stealth
 + Level 4.1 Shields


You had 5 spell levels left.
You didn't know any spells.
Your spell library contained the following spells:

 Spells                   Type           Power      Damage    Failure   Level
 Magic Dart               Conj           0%         1d3       85%         1
 Call Imp                 Summ           0%         N/A       94%         2
 Ensorcelled Hibernation  Hex/Ice        0%         N/A       94%         2
 Passwall                 Tmut/Erth      0%         N/A       94%         2
 Sublimation of Blood     Necr           0%         N/A       94%         2
 Mephitic Cloud           Conj/Pois/Air  0%         N/A       99%         3
 Swiftness                Air            0%         N/A       99%         3
 Petrify                  Tmut/Erth      0%         N/A       100%        4
 Irradiate                Conj/Tmut      0%         3d13      100%        5


Dungeon Overview and Level Annotations

Branches:
Dungeon (4/15)             Temple (0/1) D:4

Altars:


Message History

The gnoll hits you with a +0 whip.
You slash the gnoll!
The gnoll is heavily wounded.
The gnoll hits you but does no damage.
You slash the gnoll!
You kill the gnoll!
The gnoll shaman mumbles some strange prayers to its god against you.
You resist with some effort. The gnoll closely misses you.
The gnoll hits you from afar with a +0 halberd.
The gnoll shaman barely misses you.
Items here: )) ††.
You slash the gnoll shaman!
The gnoll shaman is heavily wounded.
The gnoll hits you from afar with a +0 halberd! x2
You block the gnoll shaman's attack.
You hit the gnoll shaman.
The gnoll shaman is almost dead.
The gnoll hits you from afar with a +0 halberd!
* * * LOW HITPOINT WARNING * * *
The gnoll barely misses you. You block the gnoll shaman's attack.
It was a potion of curing.
You feel better. You block the gnoll's attack.
The gnoll hits you from afar with a +0 halberd.
The gnoll shaman hits you but does no damage.
You hit the gnoll shaman.
You kill the gnoll shaman!
You block the gnoll's attack.
The gnoll hits you from afar with a +0 halberd!
* * * LOW HITPOINT WARNING * * *
You block the jackal's attack.
You hit the jackal.
The jackal is severely wounded.
The gnoll closely misses you. The gnoll barely misses you.
The gnoll hits you from afar with a +0 spear.
* * * LOW HITPOINT WARNING * * *
The jackal closely misses you.
You slash the jackal!
You kill the jackal!
The gnoll hits you from afar with a +0 halberd!
You die...

#......# #.####.# #.# #.#
####'## #.# #######
#.....# #.# .......
####.....# #.# .......
.........# #.# .......
........####.#####g......
................@)gh.....
........####.#####gh.....
...........#.# .......
....######.#.# .......
........<....# ..###'###
.....†.......+ ...+ ...
.......).....#....# ...
....########.#<...## ..
....# #.#.....#


You could see 3 gnolls and 2 jackals.

Vanquished Creatures
  A water moccasin (D:4)
  A gnoll shaman (D:4)
  Crazy Yiuf (D:2)
  Terence (D:2)
  Jessica (D:2)
  Natasha (thrice) (D:3)
  2 gnolls (D:4)
  4 adders
  A worm (D:2)
  2 dart slugs
  2 orcs (D:3)
  4 bats
  4 endoplasms
  5 giant cockroaches
  8 goblins
  10 hobgoblins
  A jackal (D:4)
  8 kobolds
  3 quokkas
  5 ball pythons
  5 frilled lizards
  6 rats
78 creatures vanquished.

Vanquished Creatures (others)
  2 plants (D:4)
2 creatures vanquished.

Grand Total: 80 creatures vanquished

Notes
Turn   | Place    | Note
-------+----------+-------------------------------------------
     0 | D:1      | Sabo the Hill Orc Fighter began the quest for the Orb.
     0 | D:1      | Reached XP level 1. HP: 19/19 MP: 1/1
     0 | D:1      | Noticed a gargoyle
     3 | D:1      | Noticed a minotaur zombie
     5 | D:1      | Noticed a merfolk zombie
     6 | D:1      | Noticed a demigod
     7 | D:1      | Noticed a human
    10 | D:1      | Noticed a felid
    10 | D:1      | Noticed a vine stalker
    15 | D:1      | Noticed a demigod
    17 | D:1      | Noticed a minotaur skeleton
    19 | D:1      | Noticed a formicid
    23 | D:1      | Noticed a minotaur skeleton
   286 | D:1      | Reached XP level 2. HP: 15/27 MP: 2/2
   287 | D:1      | Reached skill level 3 in Axes
  1067 | D:1      | Reached XP level 3. HP: 31/33 MP: 3/3
  1616 | D:2      | Noticed Terence
  1626 | D:2      | Killed Terence
  1857 | D:2      | Identified the +8 hand axe "Sabo's Death" {pain, rPois rF+
                  | Str-2}
  1879 | D:2      | Reached XP level 4. HP: 39/40 MP: 4/4
  2022 | D:2      | Noticed Jessica
  2025 | D:2      | Killed Jessica
  2026 | D:2      | Reached skill level 4 in Axes
  2349 | D:2      | Found a runed translucent door.
  2351 | D:2      | Noticed Crazy Yiuf
  2357 | D:2      | Killed Crazy Yiuf
  2358 | D:2      | Reached XP level 5. HP: 16/46 MP: 5/5
  3145 | D:3      | Reached skill level 5 in Axes
  3517 | D:3      | Noticed Natasha
  3525 | D:3      | Killed Natasha
  3749 | D:3      | Noticed Natasha
  3759 | D:3      | Killed Natasha
  3760 | D:3      | Reached XP level 6. HP: 50/52 MP: 6/6
  3843 | D:3      | Noticed Natasha
  3851 | D:3      | Killed Natasha
  3997 | D:4      | Noticed a water moccasin
  4009 | D:4      | Killed a water moccasin
  4010 | D:4      | Reached skill level 6 in Axes
  4010 | D:4      | Reached skill level 5 in Armour
  4097 | D:4      | Found a staircase to the Ecumenical Temple.
  4177 | D:4      | Slain by a gnoll

Illustrated notes

Levels and vault maps discovered:
D:1:      shiori_arrival_whats_in_store_for_you, layout_basic
D:2:      layout_basic, grunt_decor_junction, uniq_jessica,
          uniq_crazy_yiuf_cottage, uniq_terence
D:3:      layout_loops_ring, uniq_natasha
D:4:      layout_basic, mainiacjoe_overflow_chevrons,
          minmay_temple_entry_butterflies, enter_ossuary_5,
          minmay_misc_feat_enclosed, chequers_serial_rivers_large_a,
          grunt_decor_mini_mirrors

Skill      XL: |  1  2  3  4  5  6 |
---------------+-------------------+-----
Axes           | 3 4 5 6 |  6.5
Fighting       | 4 |  4.5
Armour         | 4 5 |  5.2
Shields        | 4 |  4.1
Dodging        | |  0.5
Stealth        | |  0.6

Action                   |  1- 3 |  4- 6 || total
-------------------------+-------+-------++-------
Melee: War axe           |    62 |       ||    62
       Hand axe          |     2 |   115 ||   117
  Use: Scroll            |     1 |     3 ||     4
       Potion            |     1 |     1 ||     2
Armor: Scale mail        |    26 |    29 ||    55
Dodge: Dodged            |    46 |    53 ||    99
Block: Buckler           |    16 |    22 ||    38

Table legend: (Time is in decaauts)
 A = Elapsed time spent in this place.
 B = Non-inter-level travel time spent in this place.
 C = Inter-level travel time spent in this place.
 D = Time resting spent in this place.
 E = Time spent auto-exploring this place.
 F = Levels seen in this place.
 G = Mean time per level.
                   A        B        C        D        E       F      G
               +--------+--------+--------+--------+--------+-----+--------+
         Total |   4222 |   4222 |      0 |    942 |      0 |   4 | 1055.5 |
       Dungeon |   4222 |   4222 |      0 |    942 |      0 |   4 | 1055.5 |
               +--------+--------+--------+--------+--------+-----+--------+

Top non-repeatable levels by time:
     D:1: 1624 daAuts
     D:2: 1536 daAuts
     D:3: 841 daAuts
     D:4: 220 daAuts
